 Dungeon Sprint DCSS version 0.16-a0-3855-gd2600ac (webtiles) character file.

27061 BluebellGnoll the Evocator (level 16, -11/224 HPs)
             Began as a Deep Dwarf Healer on Jan 31, 2015.
             Was the Champion of Elyvilon.
             Mangled by Dissolution (22 damage)
             ... while paralysed by a giant eyeball
             ... in the Dungeon (Sprint VI: "Thunderdome").
             The game lasted 01:08:33 (3161 turns).

BluebellGnoll the Evocator (Deep Dwarf Healer)      Turns: 3161, Time: 01:08:33

Health: -11/224    AC:  6    Str: 27    XL:     16   Next: 1%
Magic:  1/14       EV:  2    Int: 15    God:    Elyvilon [******]
Gold:   180        SH:  0    Dex: 27    Spells: 0 memorised, 15 levels left

rFire  + + +     SeeInvis +     n - +8 broad axe (flame)
rCold  + + .     Clarity  .     x - +12 gold dragon armour
rNeg   + . .     SustAb   .     v - +6 large shield of Gravity {MR- Regen+ Str+4 Dex+2}
rPois  +         Gourm    .     (no helmet)
rElec  +         Spirit   .     a - +2 cloak of the Apprentice {rF+ SInv}
rCorr  .         Warding  .     D - +0 pair of gloves of the Three Eyes {rPois+ Str-2 Dex+2}
rMut   .         NoTele   +     C - +0 pair of boots of the Okapi {rElec rF+ Int-3 Dex+4}
MR     +....     NoCast   +     o - amulet "Videgupt" {rPois+ rC+ Regen+}
Stlth  ..........               (no ring)
                                m - ring "Avoemucyo" {-Cast rElec Int+4 SInv}

@: confused, paralysed, mighty, agile, divinely vigorous, corroded equipment,
very slightly contaminated, non-regenerating, studying Earth Magic, somewhat
resistant to hostile enchantments, extremely unstealthy
A: damage resistance, recharge devices, negative energy resistance 1, sense
surroundings 2, slow healing 3
a: Device Recharging, Lesser Healing, Lesser Self-Healing, Divine Protection,
Purification, Greater Healing, Greater Self-Healing, Divine Vigour, Renounce
Religion
}: 3/15 runes: serpentine, elven, gossamer


You were in the Dungeon.
You worshipped Elyvilon.
Elyvilon was exalted by your worship.
You were not hungry.

You visited 1 branch You collected 8310 gold pieces.
You spent 8130 gold pieces at shops.

Inventory:

Hand weapons
 n - a +8 broad axe of flaming (weapon)
Armour
 a - the +2 cloak of the Apprentice (worn) {rF+ SInv}
   (You bought it in a shop in the Dungeon)

   It protects you from fire.
   It enhances your eyesight.
 s - the +4 leather armour "Ghiuqet" {Int+4}
   (You bought it in a shop in the Dungeon)

   It affects your intelligence (+4).
 v - the +6 large shield of Gravity (worn) {MR- Regen+ Str+4 Dex+2}
   (You bought it in a shop in the Dungeon)

   It affects your strength (+4).
   It affects your dexterity (+2).
   It affects your resistance to hostile enchantments.
   It increases your rate of regeneration.
 x - a +12 gold dragon armour (worn)
 C - the +0 pair of boots of the Okapi (worn) {rElec rF+ Int-3 Dex+4}
   (You bought it in a shop in the Dungeon)

   It affects your intelligence (-3).
   It affects your dexterity (+4).
   It protects you from fire.
   It insulates you from electricity.
 D - the +0 pair of gloves of the Three Eyes (worn) {rPois+ Str-2 Dex+2}
   (You bought it in a shop in the Dungeon)

   It affects your strength (-2).
   It affects your dexterity (+2).
   It protects you from poison.
 I - the +4 shield "Zeobio Schio" {rElec rC++ MR-}
   (You bought it in a shop in the Dungeon)

   It greatly protects you from cold.
   It insulates you from electricity.
   It affects your resistance to hostile enchantments.
Rods
 u - a +4 rod of the swarm (13/13)
   (You found it in the Dungeon)
Jewellery
 m - the ring "Avoemucyo" (left hand) {-Cast rElec Int+4 SInv}
   (You bought it in a shop in the Dungeon)

   [ring of see invisible]

   It affects your intelligence (+4).
   It insulates you from electricity.
   It enhances your eyesight.
   It prevents spellcasting.
 o - the amulet "Videgupt" (around neck) {rPois+ rC+ Regen+}
   (You bought it in a shop in the Dungeon)

   [amulet of regeneration]

   It protects you from cold.
   It protects you from poison.
   It increases your rate of regeneration.
 q - the ring of Bathrir {+Fly rPois+ Int+2}
   (You bought it in a shop in the Dungeon)

   [ring of flight]

   It affects your intelligence (+2).
   It protects you from poison.
   It lets you fly.
 y - the ring of Phu Miat {-Tele rN+ Str+5 Int+3 Stlth-}
   (You bought it in a shop in the Dungeon)

   [ring of loudness]

   It affects your strength (+5).
   It affects your intelligence (+3).
   It protects you from negative energy.
   It prevents most forms of teleportation.
   It makes you less stealthy.
 G - an uncursed ring of ice
Magical devices
 d - a wand of heal wounds (6)
 j - a wand of cold (3)
 k - a wand of fire (0)
 w - a wand of magic darts (24)
Scrolls
 f - 14 scrolls of remove curse
 i - 2 scrolls of blinking
 l - 3 scrolls of fog
 r - 4 scrolls of identify
Potions
 b - a potion of curing
 c - 3 potions of heal wounds
 e - 7 potions of haste
 h - 6 potions of berserk rage
 A - 5 potions of might
 B - 5 potions of agility
 E - 6 potions of resistance
Books
 z - a manual of Earth Magic
Miscellaneous
 F - a stone of tremors
Comestibles
 p - 12 royal jellies
 t - 2 chunks of flesh


   Skills:
 - Level 14.3 Fighting
 + Level 21.1 Axes
 - Level 3.6 Throwing
 - Level 18.3 Armour
 - Level 2.1 Dodging
 - Level 7.9 Shields
 - Level 20.6 Invocations
 - Level 23.1 Evocations


You had 15 spell levels left.
You didn't know any spells.

Dungeon Overview and Level Annotations

Branches:
Dungeon (1/1)

Altars:
Cheibriados
Dithmenos
Elyvilon
Fedhas
Gozag
Kikubaaqudgha
Makhleb
Nemelex Xobeh
Okawaru
Qazlal
Ru
Sif Muna
Trog
Vehumet
Xom
Yredelemnul
Zin
The Shining One
Jiyva
Lugonu

Shops:
D *[%??*?*:[((!!!!

Annotations:
D Dissolution


Innate Abilities, Weirdness & Mutations

You are resistant to damage.
You can recharge devices by infusing magical energy.
You resist negative energy.
You passively map the area around you.
You do not heal naturally.


Message History

This wand has 3 charges left.
The golden eye blinks at you. You resist with some effort.
You block the slime creature's attack. Dissolution barely misses you.
Dissolution hits you!
* * * LOW HITPOINT WARNING * * *
You are splashed with acid!
The acid corrodes your equipment!
The acid burns!
The giant eyeball gazes at you.
You suddenly lose the ability to move!
The golden eye blinks at you.
You are confused.
The great orb of eyes bites you!
* * * LOW HITPOINT WARNING * * *
Dissolution gurgles deeply, a call to fellow slimes.
The slime creature hits you!
* * * LOW HITPOINT WARNING * * *
The great orb of eyes dissolves into a puddle of slime!
The golden eye dissolves into a puddle of slime!
Dissolution hits you.
You are splashed with acid!
The acid burns!
Dissolution hits you!!
You die...

∩___......###(.[).._..∩##
........8.# #[8(...[(..∩###
..........###..(..........##
.......###...###((........⌠#
.......# #.<.# #.((.......⌠#
.......###...###.G........⌠#
......[...###..GG....[....##
.....).)8.# #.8(JJJ....∩###
∩._.[..÷..###[.G@..___∩##
#####[8.......[[8.######
#⌠...........⌠#
###..[(.....### #_...[..._#
#_......._# #_..[...._#
#∩.......∩# ##∩.....∩##


You could see Dissolution, an azure jelly, a slime creature, an eye of draining
and 3 giant eyeballs.

Vanquished Creatures
  Fannar (D)
  An acid blob (D)
  2 sphinxes (D)
  Kirke (D)
  2 storm dragons (D)
  3 greater nagas (D)
  4 mummy priests (D)
  An ogre mage (D)
  A naga warrior (D)
  2 spriggan air magi (D)
  An anaconda (D)
  5 vampire magi (D)
  A naga sharpshooter (D)
  Nergalle (D)
  An iron troll (D)
  A shock serpent (D)
  6 deep trolls (D)
  An orb spider (D)
  4 ugly things (D)
  A phantasmal warrior (D)
  2 fauns (D)
  2 rust devils (D)
  A smoke demon (D)
  A naga mage (D)
  A dryad (D)
  A troll (D)
  2 jumping spiders (D)
  A guardian mummy (D)
  3 polar bears (D)
  A wind drake (D)
  A boulder beetle (D)
  5 slime creatures (D)
  3 redbacks (D)
  A two-headed ogre (D)
  3 air elementals (D)
  2 trapdoor spiders (D)
  5 vampires (D)
  2 ynoxinuls (D)
  4 insubstantial wisps (D)
  3 spiders (D)
  A sky beast (D)
  3 eyes of draining (D)
  3 necrophages (D)
  2 ogres (D)
  A phantom (D)
  2 scorpions (D)
  A wight (D)
  2 goliath beetles (D)
  3 jellies (D)
  A lightning spire (D)
  A giant eyeball (D)
  2 ufetubi (D)
  3 adder skeletons (D)
  A bat skeleton (D)
  A bat zombie (D)
  A jackal skeleton (D)
  A jackal zombie (D)
  A quokka zombie (D)
  A spectral ball python (D)
  A spectral orc (D)
116 creatures vanquished.

Vanquished Creatures (collateral kills)
  An ugly thing (D)
  A dryad (D)
  An air elemental (D)
  A redback (D)
  A butterfly (D)
5 creatures vanquished.

Vanquished Creatures (others)
  A naga warrior (D)
  A spriggan air mage (D)
  2 anacondas (D)
  2 ugly things (D)
  A jumping spider (D)
  A black bear (D)
  3 spiders (D)
  3 wasps (D)
  4 scorpions (D)
  7 killer bees (D)
  A goliath beetle (D)
  A worker ant (D)
  3 worms (D)
30 creatures vanquished.

Grand Total: 151 creatures vanquished

Notes
Turn   | Place    | Note
--------------------------------------------------------------
     0 | D        | BluebellGnoll, the Deep Dwarf Healer, began the quest for the Orb.
     0 | D        | Reached XP level 1. HP: 16/16 MP: 2/2
     1 | D        | Found a viscous altar of Jiyva.
     1 | D        | Found a glowing silver altar of Zin.
     2 | D        | Found a shimmering altar of Xom.
     2 | D        | Found a blossoming altar of Fedhas.
     3 | D        | Found a shadowy altar of Dithmenos.
     3 | D        | Found a bloodstained altar of Trog.
     4 | D        | Found Qiamewk's Do-It-Yourself Clinic.
     4 | D        | Found an ancient bone altar of Kikubaaqudgha.
     4 | D        | Found Fudob's Weapon Rack.
     4 | D        | Found Cicoap's Basic Armour.
     5 | D        | Round 1.
     8 | D        | Found a sacrificial altar of Ru.
     8 | D        | Found Nicsoh's Miscellaneous Merchandise.
     9 | D        | Found a stormy altar of Qazlal.
    10 | D        | Found Nyekeori's Premium Goods.
    12 | D        | Bought a +0 broad axe for 120 gold pieces
    19 | D        | Found Hywkeny's Bottled Wisdom.
    22 | D        | Found a sparkling altar of Nemelex Xobeh.
    23 | D        | Found Boiloboh's Distillery.
    23 | D        | Found Khelistroff's Distillery.
    26 | D        | Found an opulent altar of Gozag.
    27 | D        | Found a corrupted altar of Lugonu.
    27 | D        | Found a basalt altar of Yredelemnul.
    28 | D        | Found Crit's Staff Store.
    29 | D        | Found a snail-covered altar of Cheibriados.
    29 | D        | Found Qaugio's Must-Have Magic.
    30 | D        | Found a white marble altar of Elyvilon.
    30 | D        | Found a glowing golden altar of the Shining One.
    31 | D        | Found Lymog's Magic Scroll Shop.
    31 | D        | Found Psobibiorr's Magic Scroll Shop.
    33 | D        | Found an iron altar of Okawaru.
    37 | D        | Reached skill level 4 in Evocations
    41 | D        | Found a burning altar of Makhleb.
    41 | D        | Found a radiant altar of Vehumet.
    41 | D        | Found Darroad's Bee Food.
    41 | D        | Found Cusot's Jewellery.
    43 | D        | Found Huugyu's Advanced Armour.
    43 | D        | Found a deep blue altar of Sif Muna.
    45 | D        | Found Moiviokank's Identification Station.
    48 | D        | Bought a brightly glowing ruby amulet for 45 gold pieces
    48 | D        | Identified the amulet "Qeuzoal" {Faith Int+6} (You bought it in a shop in the Dungeon)
    73 | D        | Noticed a necrophage
    76 | D        | Killed a necrophage
    76 | D        | Reached skill level 12 in Evocations
    76 | D        | Reached XP level 2. HP: 19/24 MP: 4/6
    76 | D        | Reached XP level 3. HP: 23/30 MP: 6/9
    76 | D        | Reached XP level 4. HP: 28/37 MP: 8/12
    77 | D        | Noticed a necrophage
    78 | D        | Killed a necrophage
    78 | D        | Arena points: 12 (+12) [x2]
    78 | D        | Reached skill level 14 in Evocations
    78 | D        | Reached XP level 5. HP: 32/43 MP: 10/17
    96 | D        | Bought a fine bone amulet for 45 gold pieces
    96 | D        | Identified the amulet "Skioreit" {Stasis rF- Int+4} (You bought it in a shop in the Dungeon)
   124 | D        | Round 2.
   129 | D        | Noticed a phantom
   129 | D        | Killed a phantom
   226 | D        | Noticed a necrophage
   229 | D        | Killed a necrophage
   229 | D        | Reached skill level 5 in Axes
   229 | D        | Reached XP level 6. HP: 36/60 MP: 18/18
   239 | D        | Arena points: 54 (+42) [x3]
   259 | D        | Bought a coiled bronze amulet for 45 gold pieces
   259 | D        | Identified the amulet "Videgupt" {rPois+ rC+ Regen+} (You bought it in a shop in the Dungeon)
   261 | D        | Bought 3 royal jellies for 24 gold pieces
   297 | D        | Round 3.
   339 | D        | Reached XP level 7. HP: 37/66 MP: 20/20
   339 | D        | Acquired Elyvilon's second power
   356 | D        | Reached skill level 10 in Invocations
   389 | D        | Acquired Elyvilon's third power
   392 | D        | Arena points: 138 (+84) [x4]
   402 | D        | Bought a sparkling platinum ring for 45 gold pieces
   402 | D        | Bought a twitching iron ring for 45 gold pieces
   402 | D        | Identified the ring "Avoemucyo" {-Cast rElec Int+4 SInv} (You bought it in a shop in the Dungeon)
   403 | D        | Identified the ring of Bathrir {+Fly rPois+ Int+2} (You bought it in a shop in the Dungeon)
   405 | D        | Bought 3 royal jellies for 24 gold pieces
   429 | D        | Round 4.
   432 | D        | Noticed a boulder beetle
   445 | D        | Killed a boulder beetle
   473 | D        | Reached skill level 15 in Evocations
   473 | D        | Reached XP level 8. HP: 56/73 MP: 20/20
   499 | D        | Reached skill level 16 in Evocations
   547 | D        | Arena points: 298 (+160) [x5]
   547 | D        | Reached skill level 17 in Evocations
   583 | D        | Round 5.
   593 | D        | Noticed a naga sharpshooter
   596 | D        | Killed a naga sharpshooter
   596 | D        | Reached skill level 19 in Evocations
   611 | D        | Noticed a mana viper
   612 | D        | Noticed a giant anaconda
   612 | D        | Pacified a mana viper
   612 | D        | Gained mutation: You passively map the area around you. [level up]
   612 | D        | Reached XP level 9. HP: 50/80 MP: 17/20
   613 | D        | Noticed an anaconda
   615 | D        | Pacified a giant anaconda
   615 | D        | Reached skill level 21 in Evocations
   615 | D        | Acquired Elyvilon's fourth power
   617 | D        | Killed an anaconda
   617 | D        | Reached skill level 22 in Evocations
   620 | D        | Noticed an anaconda
   624 | D        | Pacified an anaconda
   624 | D        | Reached skill level 23 in Evocations
   639 | D        | Arena points: 543 (+245) [x7]
   640 | D        | Got a serpentine rune of Zot
   658 | D        | Bought a shimmering large shield for 332 gold pieces
   663 | D        | Identified the +6 large shield of Gravity {MR- Regen+ Str+4 Dex+2} (You bought it in a shop in the Dungeon)
   849 | D        | Round 6.
   854 | D        | Reached skill level 5 in Fighting
   880 | D        | Reached XP level 10. HP: 88/91 MP: 23/23
  1011 | D        | Arena points: 927 (+384) [x8]
  1041 | D        | Bought a slimy leather armour for 245 gold pieces
  1043 | D        | Round 7.
  1051 | D        | Identified the +4 leather armour "Ghiuqet" {Int+4} (You bought it in a shop in the Dungeon)
  1074 | D        | Noticed a phantasmal warrior
  1074 | D        | Noticed Nergalle
  1081 | D        | Killed Nergalle
  1081 | D        | Reached skill level 15 in Invocations
  1087 | D        | Killed a phantasmal warrior
  1134 | D        | Arena points: 1431 (+504) [x9]
  1152 | D        | Bought a faintly humming cloak for 332 gold pieces
  1157 | D        | Identified the +2 cloak of the Apprentice {rF+ SInv} (You bought it in a shop in the Dungeon)
  1181 | D        | Round 8.
  1186 | D        | Noticed an ogre mage
  1195 | D        | Killed an ogre mage
  1207 | D        | Reached skill level 10 in Fighting
  1235 | D        | Was placed under penance by Elyvilon
  1240 | D        | Arena points: 2151 (+720) [x10]
  1255 | D        | Round 9.
  1284 | D        | Noticed a deep troll
  1290 | D        | Killed a deep troll
  1290 | D        | Reached XP level 11. HP: 81/111 MP: 19/22
  1296 | D        | Noticed an iron troll
  1298 | D        | Noticed a deep troll
  1303 | D        | Killed a deep troll
  1305 | D        | Noticed a deep troll
  1305 | D        | Killed an iron troll
  1307 | D        | Killed a deep troll
  1315 | D        | Noticed a deep troll
  1323 | D        | Killed a deep troll
  1327 | D        | Noticed a deep troll
  1329 | D        | Noticed a deep troll
  1332 | D        | Killed a deep troll
  1332 | D        | Killed a deep troll
  1332 | D        | Arena points: 3042 (+891) [x11]
  1352 | D        | Bought a +0 gold dragon armour for 960 gold pieces
  1377 | D        | Bought a fine copper ring for 45 gold pieces
  1378 | D        | Identified the ring of Phu Miat {-Tele rN+ Str+5 Int+3 Stlth-} (You bought it in a shop in the Dungeon)
  1385 | D        | Round 10.
  1412 | D        | Reached skill level 5 in Armour
  1466 | D        | Arena points: 4342 (+1300) [x13]
  1467 | D        | Got a gossamer rune of Zot
  1472 | D        | Identified a +4 rod of the swarm (13/13) (You found it in the Dungeon)
  1473 | D        | Reached XP level 12. HP: 46/129 MP: 17/17
  1474 | D        | Reached XP level 13. HP: 48/136 MP: 18/18
  1501 | D        | Bought 4 scrolls of enchant armour for 300 gold pieces
  1524 | D        | Bought 3 scrolls of identify for 150 gold pieces
  1531 | D        | Bought an ancient graven amulet for 45 gold pieces
  1531 | D        | Identified the amulet "Stimes" {+Rage rF- Int+6 Dex-2} (You bought it in a shop in the Dungeon)
  1633 | D        | Round 11.
  1675 | D        | Was forgiven by Elyvilon
  1773 | D        | Arena points: 5882 (+1540) [x14]
  1786 | D        | Bought 4 scrolls of enchant armour for 300 gold pieces
  1811 | D        | Round 12.
  1854 | D        | Noticed Kirke
  1873 | D        | Killed Kirke
  1955 | D        | Was placed under penance by Elyvilon
  1957 | D        | Arena points: 8042 (+2160) [x15]
  1984 | D        | Bought 4 scrolls of enchant armour for 300 gold pieces
  1984 | D        | Bought a scroll of brand weapon for 200 gold pieces
  1990 | D        | Round 13.
  2048 | D        | Gained mutation: You resist negative energy. [level up]
  2048 | D        | Reached XP level 14. HP: 74/145 MP: 15/15
  2056 | D        | Noticed an acid blob
  2062 | D        | Reached skill level 10 in Armour
  2063 | D        | Killed an acid blob
  2088 | D        | Arena points: 10330 (+2288) [x16]
  2098 | D        | Bought 8 scrolls of enchant weapon for 600 gold pieces
  2120 | D        | Bought a pair of warped gloves for 332 gold pieces
  2125 | D        | Identified the +0 pair of gloves "Myqug" {rN+ MR- Int+5 Dex+3} (You bought it in a shop in the Dungeon)
  2139 | D        | Round 14.
  2139 | D        | Noticed a greater naga
  2140 | D        | Was forgiven by Elyvilon
  2143 | D        | Noticed a greater naga
  2147 | D        | Killed a greater naga
  2162 | D        | Killed a greater naga
  2162 | D        | Reached skill level 15 in Armour
  2169 | D        | Noticed a greater naga
  2176 | D        | Killed a greater naga
  2184 | D        | Arena points: 13662 (+3332) [x17]
  2205 | D        | Round 15.
  2225 | D        | Bought a pair of scorched boots for 332 gold pieces
  2225 | D        | Bought a pair of pitted gloves for 332 gold pieces
  2230 | D        | Identified the +0 pair of boots of the Okapi {rElec rF+ Int-3 Dex+4} (You bought it in a shop in the Dungeon)
  2235 | D        | Identified the +0 pair of gloves of the Three Eyes {rPois+ Str-2 Dex+2} (You bought it in a shop in the Dungeon)
  2236 | D        | Bought 3 scrolls of identify for 150 gold pieces
  2237 | D        | Noticed Fannar
  2255 | D        | Killed Fannar
  2255 | D        | Arena points: 16797 (+3135) [x19]
  2256 | D        | Got an elven rune of Zot
  2271 | D        | Bought a crude helmet for 332 gold pieces
  2276 | D        | Identified the cursed -2 helmet of Duty {+Inv MR- Int+6} (You bought it in a shop in the Dungeon)
  2276 | D        | Bought a polished shield for 332 gold pieces
  2286 | D        | Identified the +4 shield "Zeobio Schio" {rElec rC++ MR-} (You bought it in a shop in the Dungeon)
  2301 | D        | Reached XP level 15. HP: 145/152 MP: 14/14
  2377 | D        | Bought 3 royal jellies for 24 gold pieces
  2377 | D        | Bought 3 royal jellies for 24 gold pieces
  2377 | D        | Bought 3 royal jellies for 24 gold pieces
  2463 | D        | Round 16.
  2505 | D        | Reached skill level 10 in Axes
  2617 | D        | Arena points: 21917 (+5120) [x20]
  2626 | D        | Bought 15 scrolls of remove curse for 450 gold pieces
  2648 | D        | Bought a spiked hat for 315 gold pieces
  2648 | D        | Identified the cursed -1 hat of Protective Custody {rF+ rC+ Int+2} (You bought it in a shop in the Dungeon)
  2660 | D        | Round 17.
  2698 | D        | Noticed a sphinx
  2705 | D        | Paralysed by a sphinx for 6 turns
  2717 | D        | Noticed a sphinx
  2718 | D        | Paralysed by a sphinx for 5 turns
  2726 | D        | Killed a sphinx
  2726 | D        | Reached skill level 15 in Axes
  2731 | D        | Killed a sphinx
  2756 | D        | Arena points: 26201 (+4284) [x21]
  2779 | D        | Round 18.
  2915 | D        | Arena points: 26453 (+252) [x1]
  2930 | D        | Round 19.
  2948 | D        | Noticed a storm dragon
  2951 | D        | Pacified a storm dragon
  2958 | D        | Noticed a storm dragon
  2974 | D        | Killed a storm dragon
  2999 | D        | Noticed a titan
  3002 | D        | Pacified a titan
  3019 | D        | Noticed a storm dragon
  3028 | D        | Killed a storm dragon
  3046 | D        | Reached XP level 16. HP: 132/224 MP: 7/14
  3065 | D        | Arena points: 27061 (+608) [x2]
  3110 | D        | Bought 5 potions of haste for 350 gold pieces
  3110 | D        | Bought 6 potions of might for 168 gold pieces
  3110 | D        | Bought 6 potions of agility for 168 gold pieces
  3110 | D        | Bought 5 potions of berserk rage for 175 gold pieces
  3110 | D        | Bought 6 potions of resistance for 420 gold pieces
  3118 | D        | Round 20.
  3118 | D        | Noticed Dissolution
  3130 | D        | Paralysed by a great orb of eyes for 7 turns
  3140 | D        | Paralysed by a great orb of eyes for 3 turns
  3144 | D        | HP: 7/224 [Dissolution (17)]
  3144 | D        | HP: 3/224 [great orb of eyes[Dissolution] (1)]
  3149 | D        | Paralysed by a giant eyeball for 2 turns
  3152 | D        | Paralysed by a giant eyeball for 3 turns
  3159 | D        | Paralysed by a giant eyeball for 3 turns
  3160 | D        | HP: 11/224 [slime creature (7)]
  3161 | D        | Mangled by Dissolution

Action                   |  1- 3 |  4- 6 |  7- 9 | 10-12 | 13-15 | 16-18 || total
-------------------------+-------+-------+-------+-------+-------+-------++-------
Melee: Broad axe         |     6 |     7 |    22 |    16 |   106 |    14 ||   171
Invok: Lesser Self-Heali |       |       |    12 |     3 |     3 |     3 ||    21
       Lesser Healing    |       |       |     7 |    13 |    13 |       ||    33
       Greater Healing   |       |       |     3 |    13 |    41 |       ||    57
       Greater Self-Heal |       |       |       |     3 |     4 |     1 ||     8
       Divine Vigour     |       |       |       |       |     4 |     1 ||     5
       Purification      |       |       |       |       |     2 |     1 ||     3
 Abil: Device Recharging |       |     1 |     6 |     9 |    10 |       ||    26
Evoke: Wand              |     1 |    11 |    20 |    61 |    89 |     7 ||   189
       Rod               |       |       |       |       |     7 |       ||     7
  Use: Potion            |       |     2 |       |     2 |     2 |     7 ||    13
       Scroll            |       |       |       |     1 |    24 |     1 ||    26
  Eat: Chunk             |       |       |     4 |    10 |    17 |     1 ||    32
       Royal jelly       |       |       |       |       |     2 |     1 ||     3
       Bread ration      |       |       |       |       |     2 |       ||     2
